Construct Infanterie Kompanie
Construct Panzergrenadier Kompanie
Pak 40 Anti-tank Gun Team
Construct Panzer Kompanie
Selects Mechanized Battlegroup
Selects StuG Assault Group
Selects UNKNOWN (2160084)
Selects Mobile Repair Stations
Selects Stoßtruppen Assault Package
Selects Mobile Repair Stations
Selects Wespe Self-propelled Artillery
Selects Mechanized Assault
Wespe Self-propelled Artillery
Wespe Self-propelled Artillery